[Event "ICCopen2017"]
[Site "Internet Chess Club"]
[Date "2017.03.19"]
[Round "10"]
[White "moonriver"]
[Black "YHWH"]
[Result "0-1"]
[ICCResult "White forfeits on time"]
[WhiteElo "1359"]
[BlackElo "1446"]
[Opening "Queen's pawn game, Chigorin variation"]
[ECO "D02"]
[NIC "QP.08"]
[Time "21:04:26"]
[TimeControl "180+0"]

1. d4 d5 2. Nf3 Nc6 3. Bg5 h6 4. Bh4 Bg4 5. e3 Qd7 6. Be2 O-O-O 7. h3 Bh5 8.
g4 Bg6 9. Nc3 f5 10. Nd2 e6 11. Bb5 Qd6 12. Bg3 Qd7 13. Nf3 Bb4 14. Ne5 Qe8
15. Nxc6 bxc6 16. Ba6+ Kd7 17. a3 Ba5 18. b4 Bb6 19. Na4 Nf6 20. Nc5+ Bxc5
21. bxc5 Ne4 22. Qd3 fxg4 23. Qb3 Rb8 24. Qa4 Nxg3 25. fxg3 gxh3 26. O-O Be4
27. Be2 Qg6 28. Kh2 Bg2 29. Rf2 Rhf8 30. Rxf8 Rxf8 31. Rg1 Rf2
{White forfeits on time}
0-1

[Event "ICCopen2017"]
[Site "Internet Chess Club"]
[Date "2017.03.19"]
[Round "10"]
[White "dalaz"]
[Black "Balderdash"]
[Result "1-0"]
[ICCResult "Black checkmated"]
[WhiteElo "1564"]
[BlackElo "1126"]
[Opening "Vienna game"]
[ECO "C25"]
[NIC "VG.04"]
[Time "21:04:40"]
[TimeControl "180+0"]

1. e4 e5 2. Nc3 Bc5 3. f4 exf4 4. Nf3 d6 5. d4 Bb4 6. Bxf4 Bg4 7. Be2 Nf6 8.
Bg5 Nbd7 9. O-O Bxc3 10. bxc3 h6 11. Bh4 g5 12. Bg3 Nxe4 13. Be1 h5 14. Rb1
Nb6 15. Bd3 d5 16. Qe2 Qd6 17. Bxe4 O-O-O 18. Bd3 h4 19. Qd2 h3 20. Ne5 hxg2
21. Qxg2 Be6 22. Bg3 Bh3 23. Bf5+ Kb8 24. Bxh3 Qh6 25. Bg4 Nc4 26. Nxc4 dxc4
27. Qxb7# {Black checkmated} 1-0

[Event "ICCopen2017"]
[Site "Internet Chess Club"]
[Date "2017.03.19"]
[Round "10"]
[White "playwaycool"]
[Black "Ancient"]
[Result "1-0"]
[ICCResult "Black forfeits on time"]
[WhiteElo "2264"]
[BlackElo "2016"]
[Opening "Queen's pawn"]
[ECO "A40"]
[NIC "QO.17"]
[Time "21:04:04"]
[TimeControl "180+0"]

1. d4 e6 2. Nf3 d5 3. g3 Nf6 4. Bg2 b5 5. O-O Nbd7 6. a4 b4 7. Nbd2 Be7 8.
Re1 Bb7 9. Nb3 a5 10. h3 O-O 11. g4 Ne4 12. Nfd2 f5 13. Nf1 Bh4 14. Bxe4
fxe4 15. Be3 e5 16. Ng3 Bxg3 17. fxg3 Qf6 18. Kh2 Qg6 19. Rf1 exd4 20. Qxd4
c6 21. Rxf8+ Rxf8 22. Nxa5 Ba6 23. Bf4 Bxe2 24. Qxb4 h5 25. Qe7 Nf6 26. Qe6+
Kh8 27. Qd6 Re8 28. g5 h4 29. gxf6 hxg3+ 30. Bxg3 gxf6 31. Rg1 Qf5 32. Qf4
Qxf4 33. Bxf4 Ra8 34. Nxc6 Rxa4 35. Ne7 Ra2 36. Nxd5 Rxb2 37. Nxf6 Bc4 38.
Rg2 Be6 39. Bh6 Rb7 40. Nxe4 Rh7 41. Rg6 Bd5 42. Ng5 Re7 43. Rd6 Re2+ 44.
Kg3 Bg8 45. Rd7 Rg2+ 46. Kf4 Rf2+ 47. Ke3 {Black forfeits on time} 1-0

[Event "ICCopen2017"]
[Site "Internet Chess Club"]
[Date "2017.03.19"]
[Round "10"]
[White "glokoll"]
[Black "Chamanx"]
[Result "0-1"]
[ICCResult "White checkmated"]
[WhiteElo "1471"]
[BlackElo "1328"]
[Opening "Benko's opening"]
[ECO "A00"]
[NIC "VO.09"]
[Time "21:05:01"]
[TimeControl "180+0"]

1. g3 Nf6 2. Bg2 e5 3. c4 Bc5 4. Nc3 Ng4 5. e3 d6 6. h3 Nf6 7. a3 O-O 8. b4
Bb6 9. Nge2 Nc6 10. Nd5 Nxd5 11. cxd5 Ne7 12. d4 exd4 13. Nxd4 Bxd4 14. Qxd4
Ng6 15. Bb2 f6 16. h4 Ne5 17. O-O Bg4 18. Kh2 Bf3 19. Qd2 Qd7 20. Bxe5 Bxg2
21. Kxg2 fxe5 22. e4 Rf6 23. f3 Raf8 24. Qd3 Qf7 25. g4 h5 26. g5 Rf4 27.
Kg3 Qd7 28. a4 Rg4+ 29. fxg4 Qxg4+ 30. Kh2 Qxh4+ 31. Qh3 Qxe4 32. Rxf8+ Kxf8
33. Rf1+ Kg8 34. Qe6+ Kh7 35. Rf8 Qe2+ 36. Kg3 Qe3+ 37. Kg2 Qe2+ 38. Kg3
Qe3+ 39. Kh4 Qe4+ 40. Kxh5 g6+ 41. Qxg6+ Qxg6+ 42. Kg4 Qe4+ 43. Kg3 Qe3+ 44.
Kg4 Kg7 45. Rf5 Qe4+ 46. Rf4 Qxf4+ 47. Kh5 Qh2+ 48. Kg4 e4 49. b5 e3 50. Kf3
e2 51. Kg4 e1=Q 52. Kf5 Qe3 53. Kg4 Qhf2 54. g6 Qeg3+ 55. Kh5 Qfh2#
{White checkmated}
0-1

[Event "ICCopen2017"]
[Site "Internet Chess Club"]
[Date "2017.03.19"]
[Round "10"]
[White "Falstaf"]
[Black "Kusox"]
[Result "1-0"]
[ICCResult "Black resigns"]
[WhiteElo "2911"]
[BlackElo "2164"]
[Opening "Caro-Kann: two knights variation"]
[ECO "B11"]
[NIC "CK.01"]
[Time "21:04:39"]
[TimeControl "180+0"]

1. e4 c6 2. Nc3 d5 3. Nf3 dxe4 4. Nxe4 Nf6 5. Qe2 Nxe4 6. Qxe4 Qd5 7. Qh4 e6
8. Bc4 Qf5 9. d3 Be7 10. Qg3 h6 11. Qxg7 Bf6 12. Qg3 Nd7 13. O-O Nb6 14. Bb3
a5 15. a4 Bd7 16. Qf4 Qxf4 17. Bxf4 Nd5 18. Be5 Ke7 19. c3 Rag8 20. Rfe1
Bxe5 21. Nxe5 Nf4 22. g3 Rg5 23. Kf1 Nd5 24. d4 h5 25. h4 Rg7 26. Re2 Bc8
27. Rae1 Rf8 28. Re4 f5 29. R4e2 f4 30. Bxd5 cxd5 31. Kg2 Rfg8 32. Rf1 fxg3
33. f4 Kd6 34. Re3 Rf8 35. Rff3 b6 36. Rxg3 Rfg8 37. Rg5 Ba6 38. Reg3 Rxg5
39. hxg5 Be2 40. Rh3 b5 41. axb5 Kc7 42. Kf2 Bg4 43. Rh4 Kb6 44. Nxg4 hxg4
45. Rh6 Kxb5 46. Rxe6 Kc4 47. Kg3 Rb8 48. f5 Rxb2 49. f6 Kxc3 50. f7 Rb8 51.
Re8 {Black resigns} 1-0

[Event "ICCopen2017"]
[Site "Internet Chess Club"]
[Date "2017.03.19"]
[Round "10"]
[White "ramezsamir"]
[Black "zhuzhenghai008"]
[Result "0-1"]
[ICCResult "White checkmated"]
[WhiteElo "1951"]
[BlackElo "1865"]
[Opening "Sicilian: Smith-Morra gambit"]
[ECO "B21"]
[NIC "SI.48"]
[Time "21:03:38"]
[TimeControl "180+0"]

1. e4 c5 2. d4 cxd4 3. c3 dxc3 4. Nxc3 Nc6 5. Nf3 e6 6. Bc4 a6 7. O-O Bc5 8.
Qe2 Nge7 9. Bg5 h6 10. Bh4 d6 11. Rfd1 Qc7 12. Rac1 O-O 13. Bb3 b5 14. Nd5
Qb7 15. Nxe7+ Nxe7 16. e5 Nf5 17. exd6 Bxd6 18. Rxd6 Nxd6 19. Bc2 f5 20. Ne5
g5 21. Bg3 f4 22. Qd3 Nf5 23. Bb3 fxg3 24. hxg3 Qg7 25. f4 gxf4 26. gxf4 Bb7
27. Bxe6+ Kh8 28. Rc2 Nh4 29. Qh3 Nxg2 30. Rxg2 Bxg2 31. Qxg2 Qxg2+ 32. Kxg2
Kg7 33. Kf3 Rae8 34. f5 Rxe6 35. Ke4 Rxe5+ 36. Kxe5 Re8+ 37. Kf4 Kf6 38. b4
h5 39. a3 h4 40. Kg4 h3 41. Kxh3 Kxf5 42. Kg3 Ke4 43. Kf2 Kd3 44. Kf3 Kc3
45. Kf4 Kb3 46. Kf5 Kxa3 47. Kf6 Kxb4 48. Kf7 Re1 49. Kf6 a5 50. Kf5 a4 51.
Kf4 a3 52. Kf3 a2 53. Kf2 a1=Q 54. Kf3 Qe5 55. Kf2 Re3 56. Kg2 Qd4 57. Kf2
Qd2+ 58. Kf1 Re1# {White checkmated} 0-1

[Event "ICCopen2017"]
[Site "Internet Chess Club"]
[Date "2017.03.19"]
[Round "10"]
[White "uggi"]
[Black "MaxiBomb"]
[Result "0-1"]
[ICCResult "White forfeits on time"]
[WhiteElo "1892"]
[BlackElo "2129"]
[Opening "King's Indian: Sämisch, orthodox variation"]
[ECO "E85"]
[NIC "KI.43"]
[Time "21:04:02"]
[TimeControl "180+0"]

1. d4 Nf6 2. c4 g6 3. Nc3 Bg7 4. e4 d6 5. f3 O-O 6. Be3 e5 7. Nge2 Nc6 8.
Qd2 exd4 9. Nxd4 Nxd4 10. Bxd4 Be6 11. Be2 a6 12. O-O Qd7 13. a4 Rad8 14.
Nd5 Bxd5 15. cxd5 c5 16. dxc6 bxc6 17. Bxa6 c5 18. Be3 d5 19. Bxc5 Rfe8 20.
Bb5 Qc7 21. Qf2 Re6 22. a5 dxe4 23. Bb6 Qb8 24. Bxd8 Qxb5 25. fxe4 h5 26. e5
Qxe5 27. Rae1 Ne4 28. Qxf7+ Kh7 29. Bb6 Re7 30. Qf4 Qd5 31. Rd1 Qb7 32. Rfe1
Bh6 33. Qh4 Bg5 34. Qh3 Nf6 35. Qd3 Rxe1+ 36. Rxe1 Ng4 37. Qe4 Qf7 38. h3
Nf6 39. Qe7 Qxe7 40. Rxe7+ Kg8 41. Re6 Kf7 42. a6 Kxe6 43. a7 Nd7 44. a8=Q
Nxb6 45. Qc6+ Kf7 46. Qxb6 Bf6 47. Qc7+ Be7 48. b4 Ke6 49. b5 Bd6 50. Qc4+
Kd7 51. b6 Bc5+ 52. Qxc5 Ke6 {White forfeits on time} 0-1

[Event "ICCopen2017"]
[Site "Internet Chess Club"]
[Date "2017.03.19"]
[Round "10"]
[White "mvillalba"]
[Black "Speirs"]
[Result "1-0"]
[ICCResult "Black checkmated"]
[WhiteElo "2170"]
[BlackElo "1786"]
[Opening "Catalan: closed, main line"]
[ECO "E09"]
[NIC "QI.01"]
[Time "21:03:56"]
[TimeControl "180+0"]

1. d4 Nf6 2. Nf3 e6 3. c4 d5 4. g3 c6 5. Qc2 Nbd7 6. Bg2 Be7 7. O-O O-O 8.
Nbd2 b6 9. b3 Ba6 10. Bb2 Rc8 11. e4 dxe4 12. Nxe4 Nxe4 13. Qxe4 Nf6 14. Qc2
b5 15. Rfd1 bxc4 16. bxc4 Qa5 17. Ne5 Bb7 18. Bc3 Qa6 19. Rab1 Rfd8 20. h4
Ba8 21. Qb3 c5 22. Bxa8 Rxa8 23. d5 exd5 24. cxd5 Qe2 25. Nc6 Ng4 26. Rd2
Qe4 27. Nxd8 Rxd8 28. Qc2 Qf3 29. Qd3 Qxd3 30. Rxd3 c4 31. Rd2 Bc5 32. Kg2
f6 33. Re1 Kf7 34. Rb1 Kg6 35. Rb7 h5 36. Rc7 Bb6 37. Rxc4 Nxf2 38. Rxf2
Bxf2 39. Kxf2 Rxd5 40. Ke2 Rb5 41. a4 Rb1 42. Kf3 Rf1+ 43. Kg2 Rc1 44. Rc7
a6 45. a5 Rc2+ 46. Kf3 Rc1 47. Rc5 Rc2 48. Bd4 Rd2 49. Be3 Ra2 50. Rd5 Ra3
51. Ke4 Rb3 52. Rd6 Ra3 53. Rxa6 Ra4+ 54. Kf3 Kh7 55. Ra7 Ra3 56. a6 Ra4 57.
Ra8 Kg6 58. a7 Ra2 59. Rb8 Ra1 60. a8=Q Rf1+ 61. Ke2 Rc1 62. Qe4+ Kf7 63.
Qd5+ Kg6 64. Bxc1 Kh7 65. Rb7 f5 66. Rxg7+ Kxg7 67. Qxf5 Kg8 68. Qg5+ Kh8
69. Qh6+ Kg8 70. Qxh5 Kf8 71. Qg4 Ke8 72. h5 Kf7 73. h6 Kf8 74. Qg7+ Ke8 75.
h7 Kd8 76. h8=Q# {Black checkmated} 1-0

[Event "ICCopen2017"]
[Site "Internet Chess Club"]
[Date "2017.03.19"]
[Round "10"]
[White "MrWizard"]
[Black "leonardoalmeida"]
[Result "1-0"]
[ICCResult "Black forfeits on time"]
[WhiteElo "2016"]
[BlackElo "1841"]
[Opening "Queen's pawn game"]
[ECO "D02"]
[NIC "QP.08"]
[Time "21:04:43"]
[TimeControl "180+0"]

1. d4 d5 2. Nf3 c6 3. Bf4 e6 4. e3 Bd6 5. Bg3 Bxg3 6. hxg3 h6 7. Bd3 Nd7 8.
c3 Ngf6 9. Nbd2 b6 10. Qc2 Bb7 11. e4 dxe4 12. Nxe4 Nxe4 13. Bxe4 Nf6 14.
Bd3 O-O 15. O-O Rc8 16. Ne5 c5 17. dxc5 Rxc5 18. Rad1 Qc7 19. f4 Rd5 20. Be2
Rfd8 21. Bf3 Rxd1 22. Bxd1 Qc5+ 23. Kh2 Qe3 24. Bf3 Rd2 25. Qa4 Bxf3 26.
Nxf3 Ng4+ 27. Kh3 Nf2+ 28. Kh2 Re2 29. Qe8+ Kh7 30. Qxf7 Ng4+ 31. Kh3 Nf2+
32. Kh2 Ng4+ 33. Kh3 Nf2+ 34. Rxf2 Qxf2 35. Nh4 Re3 36. Qg6+ Kg8 37. Qg4 Kf7
38. Qg6+ Kf8 39. Qg4 Re2 40. Ng6+ Ke8 41. Nh4 Kd7 42. Qxg7+ Kd6 43. Qd4+
Qxd4 44. cxd4 Rxb2 45. f5 {Black forfeits on time} 1-0

[Event "ICCopen2017"]
[Site "Internet Chess Club"]
[Date "2017.03.19"]
[Round "10"]
[White "MassCarnage"]
[Black "zxgifteD"]
[Result "0-1"]
[ICCResult "White forfeits on time"]
[WhiteElo "1861"]
[BlackElo "2162"]
[Opening "Caro-Kann defense"]
[ECO "B15"]
[NIC "CK.05"]
[Time "21:04:07"]
[TimeControl "180+0"]

1. e4 c6 2. d4 d5 3. Nc3 dxe4 4. Nxe4 Nf6 5. Ng3 h5 6. Bc4 h4 7. N3e2 e5 8.
Nf3 e4 9. Ng5 h3 10. g3 Nd5 11. Nxe4 Bg4 12. Be3 Bf3 13. Qd3 Bxh1 14. O-O-O
Bf3 15. Re1 Be7 16. Nf4 Kf8 17. Bd2 Bg4 18. Nc5 Bxc5 19. dxc5 Nd7 20. Nxd5
cxd5 21. Qxd5 Qf6 22. f4 Be6 23. Qd6+ Kg8 24. Rxe6 fxe6 25. Bxe6+ Kh7 26.
Qd3+ g6 27. Qxd7+ Qg7 28. Qd5 Rad8 29. Qg5 Rhe8 30. Bc3 Rxe6 31. Qxd8 Qg8
32. Qd7+ Kh6 33. f5 gxf5 34. Bd2+ Kg6 35. Qd3 Re4 36. Qf3 Qe6 37. g4 Rxg4
38. Qxh3 Qe4 39. Qf3 Kf6 {White forfeits on time} 0-1

[Event "ICCopen2017"]
[Site "Internet Chess Club"]
[Date "2017.03.19"]
[Round "10"]
[White "habishek"]
[Black "Persi"]
[Result "1-0"]
[ICCResult "Black forfeits on time"]
[WhiteElo "1054"]
[BlackElo "1244"]
[Opening "French: King's Indian attack"]
[ECO "C00"]
[NIC "FR.02"]
[Time "21:04:01"]
[TimeControl "180+0"]

1. e4 e6 2. d3 d5 3. exd5 exd5 4. Nf3 Nf6 5. Be2 Bd6 6. Bg5 O-O 7. Bxf6 Qxf6
8. Nc3 Re8 9. O-O Bg4 10. h3 Bh5 11. d4 c6 12. Nh2 Bxe2 13. Nxe2 Nd7 14. Nf3
Nb6 15. Nc3 Nc4 16. b3 Na3 17. Re1 Bb4 18. Rxe8+ Rxe8 19. Ne2 Nb5 20. a4 Nc3
21. Nxc3 Bxc3 22. Rc1 Re4 23. Qd3 Bxd4 24. Nxd4 Qxd4 25. Qxd4 Rxd4 26. Re1
g6 27. Re8+ Kg7 28. Rb8 Rd2 29. Rxb7 Rxc2 30. Rxa7 Rb2 31. Ra6 c5 32. Rc6
Rxb3 33. Rxc5 d4 34. Rd5 d3 35. Kh2 {Black forfeits on time} 1-0

[Event "ICCopen2017"]
[Site "Internet Chess Club"]
[Date "2017.03.19"]
[Round "10"]
[White "Jude"]
[Black "Parsifal"]
[Result "0-1"]
[ICCResult "White checkmated"]
[WhiteElo "1933"]
[BlackElo "2341"]
[Opening "Alekhine's defense: exchange variation"]
[ECO "B02"]
[NIC "AL.08"]
[Time "21:04:40"]
[TimeControl "180+0"]

1. e4 Nf6 2. e5 Nd5 3. c4 Nb6 4. d4 d6 5. exd6 cxd6 6. Nc3 g6 7. Be3 Bg7 8.
Rc1 Nc6 9. b3 O-O 10. d5 Ne5 11. Be2 Ned7 12. Nf3 Nf6 13. O-O Re8 14. h3
Nbd7 15. Qd2 a6 16. a4 Nc5 17. Rb1 Bf5 18. Rb2 Nfe4 19. Nxe4 Nxe4 20. Qc1
Bxb2 21. Qxb2 e5 22. Bd3 Ng3 23. fxg3 Bxd3 24. Rf2 f5 25. Bg5 Qb6 26. Qc3
Bb1 27. Nd2 Be4 28. Kf1 Rac8 29. Nxe4 fxe4 30. Qe3 Qd4 31. Bh6 Qd1+ 32. Qe1
Qxb3 33. Qxe4 Qxc4+ 34. Qxc4 Rxc4 35. Rb2 Re7 36. Bg5 Rd7 37. Ra2 Rd4 38.
Bh6 Rxd5 39. Rc2 Kf7 40. Rc8 Ke6 41. Re8+ Re7 42. Rb8 Rc5 43. g4 Kd5 44. Bf8
Rf7+ 45. Ke2 Rxf8 46. Rxf8 Ke4 47. Rf7 d5 48. Rxb7 d4 49. Rxh7 Rc2+ 50. Kd1
d3 51. Rd7 Ke3 52. g3 Rg2 53. g5 Rg1# {White checkmated} 0-1

[Event "ICCopen2017"]
[Site "Internet Chess Club"]
[Date "2017.03.19"]
[Round "10"]
[White "GolfPro"]
[Black "WAHEHE"]
[Result "1-0"]
[ICCResult "Black forfeits on time"]
[WhiteElo "1825"]
[BlackElo "1706"]
[Opening "English opening"]
[ECO "A22"]
[NIC "EO.10"]
[Time "21:04:18"]
[TimeControl "180+0"]

1. c4 e5 2. Nc3 Nf6 3. d3 c6 4. Nf3 d6 5. g3 h6 6. Bg2 Be6 7. Rb1 Nbd7 8. b4
a6 9. O-O Be7 10. a4 O-O 11. e4 Qc7 12. Be3 Rfd8 13. Ne1 Bf8 14. f4 exf4 15.
Bxf4 Ne5 16. Nf3 Ng6 17. Bd2 d5 18. cxd5 cxd5 19. exd5 Nxd5 20. Nxd5 Rxd5
21. Be3 Rad8 22. d4 R5d7 23. Qe2 Bd5 24. Rfc1 Qb6 25. a5 Qe6 26. Kf2 Re8 27.
Ne5 Nxe5 28. dxe5 Bxg2 29. Kxg2 Qxe5 30. Kf2 Rd4 31. b5 Re4 32. Rb3 axb5 33.
Rcc3 b4 34. Rd3 Bc5 35. Qf3 f5 36. Bxc5 Qxc5+ 37. Kg2 Re2+ 38. Kh3 Rf2 39.
Qh5 Qe7 40. Rxb4 Qe6 41. Rb6 Qe4 42. Rd4 Qxd4 43. Qxe8+ Kh7 44. Qg6+ Kh8 45.
Rxb7 Qg4+ 46. Qxg4 fxg4+ 47. Kxg4 Rxh2 48. a6 Ra2 49. a7 Kh7 50. Kh5 Ra5+
51. Kh4 Ra4+ 52. g4 Ra3 53. Rb8 Rxa7 54. Rh8+ Kxh8 55. Kh5 Kh7 56. Kh4
{Black forfeits on time}
1-0

[Event "ICCopen2017"]
[Site "Internet Chess Club"]
[Date "2017.03.19"]
[Round "10"]
[White "Westman"]
[Black "bennywins"]
[Result "0-1"]
[ICCResult "White forfeits on time"]
[WhiteElo "1342"]
[BlackElo "1459"]
[Opening "Ruy Lopez: closed, Pilnik variation"]
[ECO "C87"]
[NIC "RL.13"]
[Time "21:04:32"]
[TimeControl "180+0"]

1. e4 e5 2. Nf3 Nc6 3. Bb5 a6 4. Ba4 Nf6 5. O-O Be7 6. Re1 O-O 7. c3 d6 8.
d3 b5 9. Bb3 Bg4 10. Nbd2 h6 11. Nf1 a5 12. Ng3 a4 13. Bc2 Re8 14. h3 Bd7
15. Nh4 b4 16. Nhf5 bxc3 17. bxc3 d5 18. Be3 d4 19. cxd4 exd4 20. Bf4 Kh7
21. Nxe7 Rxe7 22. Bd2 a3 23. f4 Qb8 24. Bb3 Qb5 25. Qf3 Rb8 26. Nf5 Bxf5 27.
exf5 Rxe1+ 28. Rxe1 Qxf5 29. Bxf7 Na5 30. Re5 Qd7 31. Qg3 Qxf7 32. f5 Nc6
33. Re6 Nd8 34. Qe5 Rb1+ 35. Kh2 Nxe6 36. fxe6 Qe7 37. Qf5+ g6 38. Qe5 Qd6
39. Qxd6 cxd6 40. Bf4 Rb8 41. Bxd6 Re8 42. e7 Nd7 43. Kg3 Nb6 44. Kf4 Nc8
45. Ke5 Nxd6 46. Kxd6 Ra8 47. Kd7 Ra7+ 48. Kd8 Rxe7 {White forfeits on time}
0-1

[Event "ICCopen2017"]
[Site "Internet Chess Club"]
[Date "2017.03.19"]
[Round "10"]
[White "lion100"]
[Black "Kyekerz"]
[Result "1-0"]
[ICCResult "Black forfeits on time"]
[WhiteElo "1406"]
[BlackElo "1132"]
[Opening "Scotch game"]
[ECO "C45"]
[NIC "SO.04"]
[Time "21:04:35"]
[TimeControl "180+0"]

1. e4 e5 2. Nf3 Nc6 3. d4 exd4 4. Nxd4 Qf6 5. Be3 Qg6 6. f3 Ne5 7. a3 d6 8.
Nc3 Be7 9. Qd2 c5 10. Nb3 Bh4+ 11. Bf2 Bg5 12. Be3 h6 13. O-O-O Be6 14. Qxd6
Bxe3+ 15. Kb1 Bd4 16. Nxd4 Ba2+ 17. Nxa2 Qxd6 18. Bb5+ Nd7 19. Nf5 Qf6 20.
Rxd7 Kf8 21. Bc4 Rd8 22. Rxf7+ Qxf7 23. Bxf7 Kxf7 24. Nc3 Rd2 25. Rg1 Nf6
26. Kc1 Rhd8 27. Nd5 Rf2 28. h3 Nxd5 29. exd5 Rxd5 30. Ng3 Rdd2 31. Ne4
Rxc2+ 32. Kb1 Rxb2+ 33. Ka1 Ra2+ 34. Kb1 Rfb2+ 35. Kc1 Rc2+ 36. Kd1
{Black forfeits on time}
1-0

[Event "ICCopen2017"]
[Site "Internet Chess Club"]
[Date "2017.03.19"]
[Round "10"]
[White "Buscapina"]
[Black "charlestehace"]
[Result "1-0"]
[ICCResult "Black forfeits on time"]
[WhiteElo "2085"]
[BlackElo "3132"]
[Opening "Sicilian: Smith-Morra gambit"]
[ECO "B21"]
[NIC "SI.48"]
[Time "21:04:05"]
[TimeControl "180+0"]

1. e4 c5 2. d4 cxd4 3. c3 dxc3 4. Nxc3 Nc6 5. Nf3 e6 6. Bc4 a6 7. O-O b5 8.
Bb3 Bc5 9. Qe2 Nge7 10. Bg5 f6 11. Be3 Qb6 12. Bxc5 Qxc5 13. Rac1 Qa7 14.
Rfd1 O-O 15. Rd6 Na5 16. Rcd1 Nxb3 17. axb3 Ng6 18. g3 Qc5 19. R1d4 Ra7 20.
b4 Qc7 21. e5 f5 22. Ne1 Ne7 23. Nd3 Nc6 24. Rf4 Qb8 25. Nc5 Rc7 26. Rh4 g6
27. Qe3 Rf7 28. Ne2 Qa7 29. Qg5 Nxe5 30. Qd8+ Rf8 31. Qe7 Nf3+ 32. Kf1 Nxh4
33. gxh4 a5 34. h5 axb4 35. h6 Qa1+ 36. Kg2 Qxb2 37. Nd4 Rf7 38. Qe8+ Rf8
39. Qe7 Rf7 40. Qd8+ Rf8 41. Qxc7 Qc3 42. Rxd7 Bxd7 43. Qxd7 Rf7 44. Qe8+
Rf8 45. Qxe6+ Rf7 46. Qe8+ Rf8 47. Qe6+ Rf7 48. Qc8+ Rf8 49. Qe6+ Rf7 50.
Qe8+ Rf8 51. Qe5 Rf7 52. Nd7 Qc8 53. Nf6+ Kh8 54. Nd5+ Kg8 55. Ne7+ Rxe7 56.
Qxe7 Qf8 57. Qxf8+ Kxf8 58. Nxb5 Ke7 59. Nd4 Kd6 60. Nb3 Kd5 61. Kg3 Ke4 62.
f4 Ke3 63. h4 Ke4 64. Nc5+ Ke3 65. Nb3 Ke4 66. Na5 Ke3 67. Nb3 Ke4 68. Nc5+
Ke3 69. Nb3 Ke4 70. Na5 Ke3 71. h5 Ke4 72. hxg6 hxg6 73. h7 Ke3 74. h8=Q Kd2
75. Qe5 Kd3 76. Qb5+ Kc2 77. Nc6 Kc3 78. Qxb4+ {Black forfeits on time} 1-0

[Event "ICCopen2017"]
[Site "Internet Chess Club"]
[Date "2017.03.19"]
[Round "10"]
[White "CristianS"]
[Black "javi"]
[Result "1-0"]
[ICCResult "Black checkmated"]
[WhiteElo "1986"]
[BlackElo "1689"]
[Opening "Sicilian: Boleslavsky variation, 7.Nb3"]
[ECO "B59"]
[NIC "SI.25"]
[Time "21:04:01"]
[TimeControl "180+0"]

1. e4 c5 2. Nf3 d6 3. d4 cxd4 4. Nxd4 Nf6 5. Nc3 Nc6 6. Be2 e5 7. Nb3 Be7 8.
Bg5 Be6 9. Bxf6 Bxf6 10. Nd5 Bxd5 11. Qxd5 O-O 12. O-O-O Be7 13. c3 a5 14.
Nd2 Qb6 15. Nc4 Qxf2 16. Bf3 Rfd8 17. Rhf1 Qc5 18. Bh5 Qxd5 19. exd5 g6 20.
dxc6 gxh5 21. cxb7 Ra7 22. Kc2 Rxb7 23. Ne3 Bg5 24. Nd5 Kf8 25. Rf5 f6 26.
Rdf1 Rf7 27. g3 h4 28. Nxf6 Rxf6 29. Rxf6+ Bxf6 30. Rxf6+ Kg7 31. Re6 hxg3
32. hxg3 Kf7 33. Rh6 Kg7 34. Rh3 Kg6 35. c4 h5 36. Kd3 Kg5 37. Ke4 Kg4 38.
Rh4+ Kg5 39. Kd5 Rc8 40. b3 Rd8 41. a3 Rb8 42. b4 axb4 43. axb4 Rxb4 44.
Kxd6 Rb3 45. c5 Rxg3 46. Re4 h4 47. Rxe5+ Kg6 48. c6 Rd3+ 49. Rd5 Rc3 50.
Rc5 Rd3+ 51. Ke7 h3 52. c7 Re3+ 53. Kf8 h2 54. c8=Q Rf3+ 55. Kg8 h1=Q 56.
Qg4+ Kf6 57. Rc6+ Ke7 58. Qe6+ Kd8 59. Rc8# {Black checkmated} 1-0

[Event "ICCopen2017"]
[Site "Internet Chess Club"]
[Date "2017.03.19"]
[Round "10"]
[White "Darnoc"]
[Black "Indiana-Jones"]
[Result "0-1"]
[ICCResult "White forfeits on time"]
[WhiteElo "2913"]
[BlackElo "2783"]
[Opening "QGD Slav defense"]
[ECO "D10"]
[NIC "SL.01"]
[Time "21:04:29"]
[TimeControl "180+0"]

1. d4 c6 2. c4 d5 3. Nc3 Nf6 4. e3 a6 5. Nf3 b5 6. b3 Bg4 7. Bd2 Nbd7 8. h3
Bh5 9. cxd5 cxd5 10. g4 Bg6 11. Nh4 e6 12. Nxg6 hxg6 13. Bg2 Ba3 14. O-O Rc8
15. Rb1 Bd6 16. g5 Nh7 17. f4 O-O 18. a4 Bb4 19. Qe1 Bxc3 20. Bxc3 Re8 21.
Ba5 Qe7 22. Bb4 Qd8 23. Ba5 Qe7 24. axb5 axb5 25. Bb4 Qd8 26. Ra1 Nb8 27.
Rf2 Nc6 28. Bc5 Nf8 29. Bf1 Rb8 30. b4 Nd7 31. Ra6 Qc8 32. Rfa2 Nxc5 33.
bxc5 b4 34. Rb2 Re7 35. Qa1 Rc7 36. Qa4 f6 37. gxf6 gxf6 38. Rg2 Kf7 39. Bb5
Ne7 40. Rd6 b3 41. Rb2 Qh8 42. Bd7 Rxd7 43. Rxd7 Re8 44. Qxb3 Qxh3 45. Rg2
Qh4 46. Qd1 Kf8 47. Qg4 Qe1+ 48. Kh2 Qxe3 49. c6 Qxd4 50. Qh4 Kg7 51. c7 Qc5
52. f5 exf5 53. Qg3 Rh8+ 54. Qh3 Rxh3+ 55. Kxh3 Kh6 56. Rg3 f4 57. Rf3 g5
58. Rxe7 Qc6 59. Kg2 Qc2+ 60. Rf2 Qf5 61. Kg1 Qg4+ 62. Rg2 Qd1+ 63. Kh2 Qh5+
{White forfeits on time}
0-1

[Event "ICCopen2017"]
[Site "Internet Chess Club"]
[Date "2017.03.19"]
[Round "10"]
[White "doug50"]
[Black "subterfuge"]
[Result "0-1"]
[ICCResult "White forfeits on time"]
[WhiteElo "1236"]
[BlackElo "1512"]
[Opening "Trompowsky attack (Ruth, Opocenský opening)"]
[ECO "A45"]
[NIC "QP.07"]
[Time "21:04:42"]
[TimeControl "180+0"]

1. d4 Nf6 2. Bg5 d5 3. Bxf6 gxf6 4. Nf3 Bf5 5. e3 e6 6. c3 Bd6 7. Bd3 Bg6 8.
Qc2 c6 9. Nbd2 Nd7 10. O-O-O Qa5 11. Kb1 Qc7 12. h4 a5 13. h5 Bxd3 14. Qxd3
b5 15. e4 b4 16. c4 a4 17. c5 Be7 18. exd5 cxd5 19. Rc1 Nb8 20. Qb5+ Nc6 21.
b3 axb3 22. Nxb3 Kd7 23. Rc2 Rhb8 24. Qd3 h6 25. Rhc1 Ra3 26. Qh7 Qf4 27.
Qxf7 Rba8 28. Re1 Qf5 29. Qg6 Qf4 30. Qd3 Na5 31. Qb5+ Nc6 32. Qb7+ Ke8 33.
Qxc6+ Kf7 34. Qxe6+ Kg7 35. Qxe7+ Kg8 36. Qe6+ Kg7 37. Qxd5 R3a7 38. Qe4 Qc7
39. Qf5 Qf7 40. Qe4 Rxa2 41. Rxa2 Rxa2 42. Kxa2 Qa7+ 43. Kb2 Qa2+
{White forfeits on time}
0-1

[Event "ICCopen2017"]
[Site "Internet Chess Club"]
[Date "2017.03.19"]
[Round "10"]
[White "croder"]
[Black "Mormegil"]
[Result "0-1"]
[ICCResult "White checkmated"]
[WhiteElo "1568"]
[BlackElo "1754"]
[Opening "KP: Indian opening"]
[ECO "C20"]
[NIC "KP.10"]
[Time "21:04:33"]
[TimeControl "180+0"]

1. e4 e5 2. d3 Nc6 3. Nc3 Bc5 4. Be3 Bd4 5. Qd2 Nf6 6. Nf3 d6 7. Be2 Be6 8.
O-O O-O 9. a3 d5 10. exd5 Nxd5 11. Nxd5 Bxd5 12. c3 Bxe3 13. fxe3 Qe7 14. e4
Be6 15. Kh1 Rad8 16. Qc2 f5 17. Rac1 f4 18. Rcd1 h6 19. d4 exd4 20. cxd4 Bg4
21. d5 Nb8 22. b4 Rc8 23. Bc4 Kh8 24. Qd3 Rfe8 25. Rde1 Bxf3 26. Rxf3 Qg5
27. Bb3 Nd7 28. Rf2 Ne5 29. Qd4 Qh4 30. Ref1 Ng4 31. g3 Nxf2+ 32. Rxf2 fxg3
33. Rg2 Qxe4 34. Qxe4 Rxe4 35. Rxg3 g5 36. Ba4 Re2 37. Bd7 Rf8 38. Be6 Rf1+
39. Rg1 Rxg1+ 40. Kxg1 Rd2 41. a4 Kg7 42. b5 Kf6 43. a5 Ke5 44. a6 bxa6 45.
bxa6 Ra2 46. h3 Rxa6 47. Kf2 Rxe6 48. dxe6 Kxe6 49. Ke3 c5 50. Kd3 Kd5 51.
Kc3 a5 52. Kb3 h5 53. Kc3 g4 54. h4 g3 55. Kd3 g2 56. Ke3 g1=Q+ 57. Kf4 Qf2+
58. Kg5 Qg3+ 59. Kxh5 Qxh4+ 60. Kxh4 a4 61. Kg5 a3 62. Kf6 a2 63. Ke7 a1=Q
64. Kd7 Qa6 65. Kc7 Ke6 66. Kd8 Qd6+ 67. Kc8 Qe7 68. Kb8 Kd6 69. Ka8 Kc6 70.
Kb8 Qb7# {White checkmated} 0-1